 Dungeon Sprint DCSS version 0.26-a0-652-gafc20e3620 (webtiles) character file.

Game seed: 11796007986008735687

422 sahdkjhfkaj the Cleaver (level 6, -3/60 HPs)
             Began as a Minotaur Berserker on Oct 3, 2020.
             Was a Priest of the Shining One.
             Slain by a deep elf archer
             ... wielding a +0 dagger
              (6 damage)
             ... in the Dungeon (Sprint V: "Ziggurat Sprint").
             The game lasted 00:01:02 (234 turns).

sahdkjhfkaj the Cleaver (Minotaur Berserker)         Turns: 234, Time: 00:01:02

Health: -3/60      AC: 20    Str: 35    XL:     6   Next: 63%
Magic:  5/5        EV:  2    Int:  4    God:    the Shining One [***...]
Gold:   0          SH:  0    Dex: 10    Spells: 5/5 levels left

rFire    + . .     SeeInvis .   a - +5 broad axe
rCold    + . .     Faith    .   F - +18 shield of the Gong {rElec rN+ MR+ EV-5}
rNeg     + + .     Spirit   .   C - +5 gold dragon scales
rPois    +         Reflect  .   (helmet restricted)
rElec    +         Harm     .   (no cloak)
rCorr    .         Rampage  .   (no gloves)
MR       +....     NoTele   +   (no boots)
Stlth    ..........             (no amulet)
HPRegen  0.20/turn              x - +6 ring of strength
MPRegen  0.09/turn              y - +6 ring of strength

@: confused, slowed, glowing, lightly drained, very slow
A: retaliatory headbutt, horns 2
a: Divine Shield, Renounce Religion


You were in the Dungeon.
You worshipped the Shining One.
The Shining One was most pleased with you.
You visited 1 branch

Inventory:

Hand Weapons
 a - a +5 broad axe (weapon)
Armour
 C - +5 gold dragon scales (worn)
 F - the +18 shield of the Gong (worn) {rElec rN+ MR+ EV-5}
   (You found it in the Dungeon)

   It affects your evasion (-5).
   It insulates you from electricity.
   It protects you from negative energy.
   It affects your resistance to hostile enchantments.
Jewellery
 s - an uncursed ring of flight
 t - a +6 ring of dexterity
 u - a +6 ring of dexterity
 v - a +6 ring of intelligence
 w - a +6 ring of intelligence
 x - a +6 ring of strength (left hand)
 y - a +6 ring of strength (right hand)
Wands
 z - a wand of disintegration (7)
 A - a wand of iceblast (7)
 B - a wand of acid (7)
Scrolls
 b - 4 scrolls of amnesia
 h - 4 scrolls of blinking
 n - 7 scrolls of fog
 o - a scroll of holy word
 p - 5 scrolls of identify
 q - 5 scrolls of remove curse
 r - 2 scrolls of fear
Potions
 c - 9 potions of curing
 d - 12 potions of heal wounds
 e - 6 potions of haste
 f - 7 potions of magic
 g - 3 potions of berserk rage
 i - 2 potions of invisibility
 j - 4 potions of resistance
 k - a potion of experience
 l - 5 potions of stabbing
 m - 5 potions of might
 D - 2 potions of brilliance
Miscellaneous
 E - a lightning rod (4/4)


   Skills:
 + Level 7.4(7.2) Fighting
 * Level 9.9(9.7) Axes
 + Level 6.9(6.7) Armour
 + Level 6.2(6.1) Dodging
 * Level 9.1(8.9) Shields


You had 5 spell levels left.
You didn't know any spells.
Your spell library was empty.

Dungeon Overview and Level Annotations

Branches:
Dungeon (1/1)

Altars:
Ashenzari
Cheibriados
Dithmenos
Elyvilon
Fedhas
Gozag
Hepliaklqana
Kikubaaqudgha
Makhleb
Nemelex Xobeh
Okawaru
Qazlal
Ru
Sif Muna
Trog
Uskayaw
Vehumet
Wu Jian
Xom
Yredelemnul
Zin
The Shining One
Beogh
Jiyva
Lugonu

Annotations:
D 1 transporter


Innate Abilities, Weirdness & Mutations

You reflexively headbutt those who attack you in melee.
You have a pair of horns on your head.


Message History

Unknown command.
You closely miss the deep elf archer.
The deep elf archer is moderately wounded.
You slash the hellwing! You closely miss the tarantella.
You slice the sixfirhy!! You block the sixfirhy's attack.
GONNNNG!
You block the sixfirhy's attack.
GONNNNG!
You block the sixfirhy's attack.
BOUMMMMG!
The tarantella bites you but does no damage.
The deep elf archer points at you and mumbles some strange words.
You are confused.
The hellwing hits you but does no damage.
The hellwing hits you. The Shining One protects you from harm!
The tarantella bites you.
* * * LOW HITPOINT WARNING * * *
The deep elf archer hits you with a +0 dagger.
You die...

▓▓▓▓▓▓▓▓▓▓▓▓▓▓▓▓▓▓▓
▓.8©8.▓.8©8.▓.8©8.▓
▓.[)}.▓.==|.▓.....▓
▓..[..▓.....▓...|.▓
▓...rs▓.....▓.....▓
▓..re4▓.....▓.....▓
▓.er3@▓.....▓..©..▓
▓..©s.▓..©..▓▓▓▓▓▓▓
▓▓▓▓▓▓▓▓▓▓▓▓▓


You could see a deep elf archer (repels missiles), a hellwing (summoned), a deep
elf mage, a sixfirhy (summoned), a tarantella (summoned), a redback (summoned)
and 3 hell rats.

Vanquished Creatures
  A fire elemental (D)
  A necrophage (D)
  A phantom (D)
  An earth elemental (D)
  A bullfrog (D)
  A jackal (D)
  A quokka skeleton (D)
7 creatures vanquished.

Notes
Turn   | Place    | Note
-------+----------+-------------------------------------------
     0 | D        | sahdkjhfkaj the Minotaur Berserker began the quest for the
                  | Orb.
     0 | D        | Reached XP level 1. HP: 19/19 MP: 0/0
     0 | D        | Found a shimmering blue altar of Sif Muna.
     0 | D        | Found a sacrificial altar of Ru.
     0 | D        | Found a bloodstained altar of Trog.
     0 | D        | Found a stormy altar of Qazlal.
     0 | D        | Found an iron altar of Okawaru.
     0 | D        | Found a sparkling altar of Nemelex Xobeh.
     0 | D        | Found a blossoming altar of Fedhas.
     1 | D        | Found the +6 Majin-Bo {vamp, MP+6 Int+6}
     1 | D        | Found the +9 heavy crossbow "Sniper" {vorpal, Acc+∞ SInv}
     1 | D        | Found the +10 dark maul {vorpal}
     1 | D        | Found the +15 Maxwell's patent armour {-Cast -Tele rElec
                  | MR+ rCorr}
     1 | D        | Found the +18 shield of the Gong {rElec rN+ MR+ EV-5}
     1 | D        | Found the cursed +14 obsidian axe {vorpal, +Fly SInv
                  | *Curse}
     1 | D        | Found the +7 great mace "Firestarter" {inner flame, rF++}
     1 | D        | Found the +6 shillelagh "Devastator" {shatter}
     1 | D        | Found the +11 plutonium sword {*Contam Stlth-}
     1 | D        | Found the +8 lance "Wyrmbane" {slay drac, rPois rF+ rC+
                  | AC+3}
     1 | D        | Found the +9 sword of Zonguldrok {reap}
     1 | D        | Found the cursed +13 scythe of Curses {drain, *Curse}
     1 | D        | Found the +0 sword of Power
     1 | D        | Found the +7 mace of Variability {chain chaos}
     1 | D        | Found the +7 Singing Sword {vorpal, sonic wave}
     1 | D        | Found the +8 storm bow {elec, penet}
     2 | D        | Found a transporter.
     2 | D        | Found an ancient bone altar of Kikubaaqudgha.
     2 | D        | Found a viscous altar of Jiyva.
     2 | D        | Found a corrupted altar of Lugonu.
     2 | D        | Found a hazy altar of Hepliaklqana.
     2 | D        | Found a burning altar of Makhleb.
     2 | D        | Found an opulent altar of Gozag.
   134 | D        | Fell from the grace of Trog
   134 | D        | Became a worshipper of the Shining One
   179 | D        | Entered arena 2.
   179 | D        | Noticed a bullfrog
   179 | D        | Found a transporter.
   182 | D        | Killed a bullfrog
   182 | D        | Reached XP level 2. HP: 28/28 MP: 1/1
   182 | D        | Reached XP level 3. HP: 35/35 MP: 2/2
   191 | D        | Entered arena 3.
   191 | D        | Reached * piety under the Shining One
   191 | D        | Noticed a phantom
   191 | D        | Noticed a necrophage
   191 | D        | Found a transporter.
   193 | D        | Reached ** piety under the Shining One
   194 | D        | Killed a necrophage
   194 | D        | Reached skill level 5 in Fighting
   194 | D        | Reached skill level 5 in Armour
   194 | D        | Reached XP level 4. HP: 44/44 MP: 3/3
   194 | D        | Reached XP level 5. HP: 50/50 MP: 4/4
   202 | D        | Killed a phantom
   202 | D        | Reached skill level 5 in Dodging
   206 | D        | Entered arena 4.
   206 | D        | Noticed a fire elemental
   206 | D        | Noticed a deep elf mage
   206 | D        | Reached *** piety under the Shining One
   206 | D        | Noticed a deep elf archer
   206 | D        | Found a transporter.
   207 | D        | Identified the +10 glaive "Soaxem" {holy, rC+ MR+ SInv
                  | Stlth+}
   209 | D        | Killed a fire elemental
   209 | D        | Reached XP level 6. HP: 54/60 MP: 5/5
   228 | D        | Noticed a hellwing
   229 | D        | Noticed a redback
   229 | D        | Noticed a tarantella
   230 | D        | Noticed a sixfirhy
   234 | D        | The Shining One protects you from harm!
   234 | D        | HP: 3/60 [tarantella[a deep elf mage] (3)]
   234 | D        | Slain by a deep elf archer

Illustrated notes

Levels and vault maps discovered:
D:        sprint_v [room_start, room_1, room_2, room_3, room_4, room_5, room_6,
          room_7, room_8, room_9, room_10, room_11, room_12, room_13, room_14,
          room_15, room_16, room_17, room_18, room_19, room_20, room_21,
          room_22, room_23, room_24, room_25, room_26, room_27]

Skill      XL: |  1  2  3  4  5  6 |
---------------+-------------------+-----
Fighting       | 4 5 7 |  7.4
Axes           | 6 7 9 |  9.9
Armour         | 4 5 6 |  6.9
Dodging        | 3 4 6 |  6.2
Shields        | 4 6 8 9 |  9.1

Action                   |  1- 3 |  4- 6 || total
-------------------------+-------+-------++-------
Melee: Broad axe         |     5 |    22 ||    27
       Headbutt          |     1 |     7 ||     8
  Use: Potion            |       |     3 ||     3
Armor: Gold dragon scale |     1 |    38 ||    39
Dodge: Dodged            |       |     4 ||     4
Block: Kite shield       |     7 |    34 ||    41

Table legend: (Time is in decaauts)
 A = Elapsed time spent in this place.
 B = Non-inter-level travel time spent in this place.
 C = Inter-level travel time spent in this place.
 D = Time resting spent in this place.
 E = Time spent auto-exploring this place.
 F = Levels seen in this place.
 G = Mean time per level.
                   A        B        C        D        E       F      G
               +--------+--------+--------+--------+--------+-----+--------+
         Total |    244 |    244 |      0 |    100 |     12 |   1 |  244.0 |
       Dungeon |    244 |    244 |      0 |    100 |     12 |   1 |  244.0 |
               +--------+--------+--------+--------+--------+-----+--------+

Top non-repeatable levels by time:
       D: 244 daAuts
